[Event "Titled Tuesday Blitz August 09 Early 2022"]
[White "Kamsky, Gata"]
[Black "Najdin, Danil"]
[WhiteFideId "2000024"]
[BlackFideId "4172426"]
[WhiteElo "2666"]
[BlackElo "2240"]
[Result "1-0"]
[Round "01"]
[TimeControl "180+1"]
[Date "2022.08.09"]
[WhiteClock "0:00:21"]
[BlackClock "0:00:01"]

1. d4 Nf6 2. Nf3 g6 3. c3 Bg7 4. Bg5 O-O 5. Nbd2 d5 6. e3 b6 7. Be2 Ba6 8. O-O Bxe2 9. Qxe2 c5 10. Rfd1 Nbd7 11. e4 dxe4 12. Nxe4 Qc7 13. d5 Rfe8 14. Rd2 Rad8 15. Re1 Nxe4 16. Qxe4 Nf6 17. Qc4 Qb7 18. Red1 Rc8 19. a4 a6 20. Qh4 b5 21. axb5 axb5 22. d6 Red8 23. h3 c4 24. Re1 h6 25. dxe7 Rxd2 26. Bxd2 Re8 27. Bxh6 Rxe7 28. Rd1 Re4 29. Rd8+ Ne8 30. Qg5 Qb6 31. Bxg7 Kxg7 32. Nd4 b4 33. Nf5+ Kg8 34. Ne7+ Kf8 35. Nd5 Qe6 36. Qh6+ Kg8 37. Rxe8+ 1-0


[Site "https://www.chess.com"]

[Event "Titled Tuesday Blitz August 09 Early 2022"]
[White "Karttunen, Mika"]
[Black "Leve, Nitai"]
[WhiteFideId "502081"]
[BlackFideId "2006898"]
[WhiteElo "2343"]
[BlackElo "2144"]
[Result "1-0"]
[Round "01"]
[TimeControl "180+1"]
[Date "2022.08.09"]
[WhiteClock "0:00:19"]
[BlackClock "0:00:07"]

1. d4 d5 2. c4 c6 3. Nf3 Nf6 4. Nc3 dxc4 5. a4 Bf5 6. Ne5 Nbd7 7. Nxc4 Qc7 8. g3 e5 9. dxe5 Nxe5 10. Bf4 Nfd7 11. Ne3 O-O-O 12. Nxf5 Nc5 13. Qc2 f6 14. Bg2 g6 15. Ne3 g5 16. Bxe5 Qxe5 17. Qf5+ Qxf5 18. Nxf5 h5 19. h4 g4 20. O-O Rd2 21. b4 Ne6 22. b5 Bb4 23. Rac1 c5 24. Nd5 Kb8 25. e3 Rc8 26. Rfd1 Ra2 27. Nd6 Rf8 28. Nxb4 cxb4 29. Nxb7 Rxa4 30. Rd7 Rc8 31. Rb1 Rc7 32. Rd6 Nf8 33. Rd8+ Rc8 34. Rbd1 Ne6 35. Rxc8+ Kxc8 36. Rc1+ Kb8 37. Nd6 Nc7 38. Rb1 Ne6 39. Bc6 Kc7 40. Ne4 Kb6 41. Nxf6 a6 42. Nd7+ Kc7 43. Ne5 axb5 44. Bxb5 Ra5 45. Rxb4 Nc5 46. Bf1 Ra1 47. Kg2 Kd6 48. Nc4+ Kd5 49. Nd2 Kd6 50. Rd4+ Ke7 51. Nc4 Rc1 52. Ne5 Nb3 53. Rd3 Rb1 54. Ng6+ Kf6 55. Nf4 Rb2 56. Nxh5+ Kf5 57. Nf4 Nc1 58. Rd5+ Kf6 59. Bc4 Na2 60. Bxa2 Rxa2 61. Rg5 Ra1 62. Rxg4 Kf5 63. Rg5+ Ke4 64. Rg8 Ra2 65. Re8+ Kf5 66. e4+ Kf6 67. e5+ Kf5 68. e6 Kf6 69. Rf8+ Ke7 70. Rf7+ Ke8 71. Nd5 Re2 72. Nf6+ Kd8 73. Rd7+ Kc8 74. e7 1-0


[Site "https://www.chess.com"]

[Event "Titled Tuesday Blitz August 09 Early 2022"]
[White "Kaufman, Raymond"]
[Black "Levitskiy, Andrey"]
[WhiteFideId "2015056"]
[BlackFideId "14132885"]
[WhiteElo "2321"]
[BlackElo "2293"]
[Result "0-1"]
[Round "01"]
[TimeControl "180+1"]
[Date "2022.08.09"]
[WhiteClock "0:00:06"]
[BlackClock "0:00:26"]

1. e4 e6 2. d4 d5 3. Nc3 Bb4 4. Ne2 Nc6 5. Be3 dxe4 6. a3 Bxc3+ 7. Nxc3 Nf6 8. Bb5 Bd7 9. Qe2 a6 10. Ba4 h6 11. O-O-O Ne7 12. Bb3 Ned5 13. Nxd5 exd5 14. f3 Be6 15. c4 exf3 16. gxf3 dxc4 17. Bxc4 Bxc4 18. Qxc4 Qd5 19. Qxc7 O-O 20. Qe5 Qa2 21. d5 Rfe8 22. Qd4 Nxd5 23. Qxd5 Qxd5 24. Rxd5 Rxe3 25. Rd7 b5 26. f4 Rf3 27. Rd4 Re8 28. Rhd1 Re2 29. Rd8+ Kh7 30. R8d6 Rxf4 31. Rxa6 Rff2 0-1


[Site "https://www.chess.com"]

[Event "Titled Tuesday Blitz August 09 Early 2022"]
[White "Khabinets, Ivan"]
[Black "McConnell, Griffin"]
[WhiteFideId "14115980"]
[BlackFideId "30942551"]
[WhiteElo "2114"]
[BlackElo "2297"]
[Result "1-0"]
[Round "01"]
[TimeControl "180+1"]
[Date "2022.08.09"]
[WhiteClock "0:01:07"]
[BlackClock "0:00:13"]

1. e4 c6 2. d4 d5 3. e5 c5 4. dxc5 e6 5. a3 Bxc5 6. Nf3 Nc6 7. b4 Be7 8. Bd3 f6 9. Bb2 Nh6 10. O-O O-O 11. c4 Nf7 12. exf6 Bxf6 13. Nc3 d4 14. Ne4 e5 15. c5 Be7 16. Bc4 Kh8 17. Qd3 Bf5 18. Rfe1 Ng5 19. Nfxg5 Bxg5 20. Qb3 Bf4 21. Nd6 Qg5 22. Nf7+ Rxf7 23. Bxf7 Rf8 24. Bd5 Bd2 25. Re2 Bg4 26. f3 Bh3 27. Kh1 Bd7 28. Qc2 Bf4 29. Bc1 Ne7 30. Bxf4 Rxf4 31. Bxb7 Nf5 32. c6 Be6 33. c7 h5 34. c8=Q+ Bxc8 35. Qxc8+ Kh7 36. Be4 g6 37. Rc1 Qh4 38. Rc7+ Kh6 39. Qh8+ Kg5 40. Qd8+ Kh6 41. Qxh4 Nxh4 42. g3 1-0


[Site "https://www.chess.com"]

[Event "Titled Tuesday Blitz August 09 Early 2022"]
[White "Khripachenko, Alexander"]
[Black "Gubanov, Oleg"]
[WhiteFideId "54184975"]
[BlackFideId "14115115"]
[WhiteElo "2233"]
[BlackElo "2080"]
[Result "1-0"]
[Round "01"]
[TimeControl "180+1"]
[Date "2022.08.09"]
[WhiteClock "0:02:22"]
[BlackClock "0:00:04"]

1. e4 Nf6 2. e5 Nd5 3. d4 d6 4. Bc4 dxe5 5. dxe5 c6 6. Nf3 g6 7. O-O Bg7 8. Re1 Bg4 9. Nbd2 e6 10. h3 Bxf3 11. Nxf3 O-O 12. h4 Nd7 13. h5 Qc7 14. Qe2 b5 15. Bd3 Nc5 16. Bg5 Nxd3 17. cxd3 c5 18. Rac1 Qb6 19. h6 Bh8 20. Nd2 Rfe8 21. Kh1 Rac8 22. f4 Rc7 23. Ne4 Rec8 24. b3 Qa6 25. Red1 c4 26. dxc4 bxc4 27. Nd6 Rb8 28. bxc4 Nb6 29. Qd3 Rd8 30. Bxd8 1-0


[Site "https://www.chess.com"]

[Event "Titled Tuesday Blitz August 09 Early 2022"]
[White "Kopjonkin, Kirill"]
[Black "Smietanska, Wiktoria"]
[WhiteFideId "24140090"]
[BlackFideId "21869359"]
[WhiteElo "2265"]
[BlackElo "1883"]
[Result "1-0"]
[Round "01"]
[TimeControl "180+1"]
[Date "2022.08.09"]
[WhiteClock "0:01:37"]
[BlackClock "0:01:32"]

1. e4 c5 2. Nf3 d6 3. d4 cxd4 4. Nxd4 Nf6 5. Nc3 a6 6. f3 e5 7. Nb3 Be7 8. Be3 O-O 9. Qd2 Be6 10. O-O-O Nbd7 11. g4 b5 12. g5 Nh5 13. Kb1 Qc7 14. Nd5 Bxd5 15. exd5 Nb6 16. Na5 Nxd5 17. Qxd5 Qxa5 18. Bd3 g6 19. c4 Ng7 20. h4 Rab8 21. f4 exf4 22. Bxf4 Ne6 23. Bd2 Qb6 24. cxb5 axb5 25. h5 Nc5 26. hxg6 hxg6 27. Bc3 Bf6 28. Bxf6 1-0


[Site "https://www.chess.com"]

[Event "Titled Tuesday Blitz August 09 Early 2022"]
[White "Korchmar, Vasiliy"]
[Black "De Souza, Cristiano Gomes"]
[WhiteFideId "24131750"]
[BlackFideId "2151758"]
[WhiteElo "2370"]
[BlackElo "2068"]
[Result "1-0"]
[Round "01"]
[TimeControl "180+1"]
[Date "2022.08.09"]
[WhiteClock "0:01:06"]
[BlackClock "0:00:12"]

1. e4 c5 2. Nf3 d6 3. d4 cxd4 4. Nxd4 Nf6 5. Nc3 a6 6. Be3 e5 7. Nb3 Be6 8. f3 Nbd7 9. Qd2 Be7 10. O-O-O O-O 11. g4 b5 12. g5 b4 13. Ne2 Nh5 14. Ng3 Nf4 15. h4 a5 16. Kb1 a4 17. Nc1 Qa5 18. Nf5 Bxf5 19. exf5 Rfc8 20. Bxf4 exf4 21. f6 gxf6 22. Bh3 Rc7 23. Bxd7 Rxd7 24. gxf6 Bxf6 25. Qxf4 Qe5 26. Qg4+ Kh8 27. Nd3 Qe6 28. Qxb4 a3 29. b3 Rc7 30. Qe4 Qxe4 31. fxe4 Re8 32. Nf4 Bg7 33. Nd5 Rb7 34. h5 Be5 35. h6 Rg8 36. Ne3 Rg3 37. Nc4 Rg5 38. Nxe5 1-0


[Site "https://www.chess.com"]

[Event "Titled Tuesday Blitz August 09 Early 2022"]
[White "Kostina, Nadezhda"]
[Black "Tica, Sven"]
[WhiteFideId "4195876"]
[BlackFideId "14526948"]
[WhiteElo "1980"]
[BlackElo "2350"]
[Result "0-1"]
[Round "01"]
[TimeControl "180+1"]
[Date "2022.08.09"]
[WhiteClock "0:00:02"]
[BlackClock "0:01:13"]

1. e4 g6 2. d4 Bg7 3. Nc3 a6 4. Be3 b5 5. Bd3 Bb7 6. Nge2 d6 7. Qd2 Nd7 8. h4 c5 9. dxc5 dxc5 10. Ng3 h5 11. O-O Ngf6 12. Rad1 Ng4 13. Bg5 Nde5 14. Nd5 f6 15. Bf4 O-O 16. f3 Nxd3 17. cxd3 Ne5 18. d4 Nc4 19. Qc1 cxd4 20. Rxd4 e5 21. Rxc4 bxc4 22. Bh6 Bxd5 23. exd5 Qxd5 24. Bxg7 Kxg7 25. Rd1 Qc5+ 26. Kh2 Rad8 27. Re1 Rd4 28. Ne4 Qd5 29. Qc3 Rd8 30. Qb4 Rd7 31. Qb8 Qf7 32. Nc5 Rc7 33. Nxa6 Rb7 34. Nc5 Rxb8 0-1


[Site "https://www.chess.com"]

[Event "Titled Tuesday Blitz August 09 Early 2022"]
[White "Kostiukov, Alexandr"]
[Black "Bekturov, Tamerlan"]
[WhiteFideId "14108100"]
[BlackFideId "13710184"]
[WhiteElo "2202"]
[BlackElo "2128"]
[Result "0-1"]
[Round "01"]
[TimeControl "180+1"]
[Date "2022.08.09"]
[WhiteClock "0:00:02"]
[BlackClock "0:00:47"]

1. g3 d5 2. Bg2 e5 3. c4 dxc4 4. Qa4+ c6 5. Qxc4 Nf6 6. Nf3 Bd6 7. O-O O-O 8. Nc3 Na6 9. d4 Be6 10. Qd3 Nb4 11. Qd1 exd4 12. Nxd4 Bc4 13. b3 Be5 14. Be3 Ba6 15. a3 Nbd5 16. Nxd5 Nxd5 17. Qc1 Nxe3 18. fxe3 Bxd4 19. exd4 Qxd4+ 20. Kh1 Bxe2 21. Rf4 Qd6 22. Ra2 Rfe8 23. h4 Qd1+ 24. Qxd1 Bxd1 25. b4 Rad8 26. b5 Bb3 27. Rb2 Bd5 28. bxc6 bxc6 29. Ra4 Bxg2+ 30. Kxg2 Re7 31. Ra6 Rc7 32. Rc2 c5 33. Rc4 Kf8 34. Ra5 Rd5 35. Rb5 Ke7 36. Kf3 Kd6 37. a4 Rd4 38. Rc3 Rxa4 39. Rb8 c4 40. Rd8+ Kc5 41. Ke4 Kb4 42. Rc1 c3 43. Rb8+ Kc5+ 44. Kd3 Rd4+ 0-1


[Site "https://www.chess.com"]

[Event "Titled Tuesday Blitz August 09 Early 2022"]
[White "Kravtsiv, Martyn"]
[Black "Veiga, Jose Francisco R P Neves"]
[WhiteFideId "14113147"]
[BlackFideId "1930087"]
[WhiteElo "2694"]
[BlackElo "2273"]
[Result "1-0"]
[Round "01"]
[TimeControl "180+1"]
[Date "2022.08.09"]
[WhiteClock "0:00:40"]
[BlackClock "0:01:25"]

1. e4 c6 2. Nf3 d5 3. d3 dxe4 4. dxe4 Qxd1+ 5. Kxd1 Nf6 6. Nbd2 Nbd7 7. a4 e5 8. Bd3 Bc5 9. Ke2 Ng4 10. Rf1 f6 11. a5 Ke7 12. c3 Rd8 13. b4 Bd6 14. Nc4 Bc7 15. Ba3 Kf7 16. h3 Nh6 17. Ne3 Nf8 18. Rh1 Be6 19. Rad1 Rd7 20. Bc2 Rad8 21. h4 Ng6 22. g3 Ng4 23. Nf5 h5 24. Ne3 b5 25. Rxd7+ Rxd7 26. Rd1 Rxd1 27. Bxd1 a6 28. Bc1 Ne7 29. Ne1 Bb8 30. Nxg4 Bxg4+ 31. f3 Be6 32. Be3 Nc8 33. Nd3 Bc4 34. Kd2 Bxd3 35. Kxd3 Ba7 36. Bb3+ Ke7 37. Bd2 Nd6 38. g4 g6 39. Bd1 Bf2 40. gxh5 gxh5 41. f4 Bxh4 42. Bxh5 Bg3 43. fxe5 Bxe5 44. Be3 Nc4 45. Bc5+ Ke6 46. Bg4+ Kf7 47. Bc8 Nb2+ 48. Kc2 Na4 49. Bd4 Ke7 50. Bxa6 Kd6 51. Kb3 Kc7 52. Bxe5+ fxe5 53. c4 1-0


[Site "https://www.chess.com"]

[Event "Titled Tuesday Blitz August 09 Early 2022"]
[White "Krzywda, Andrzej"]
[Black "Maksimovic, Bojan"]
[WhiteFideId "1114565"]
[BlackFideId "14408120"]
[WhiteElo "2098"]
[BlackElo "2447"]
[Result "0-1"]
[Round "01"]
[TimeControl "180+1"]
[Date "2022.08.09"]
[WhiteClock "0:00:02"]
[BlackClock "0:00:09"]

1. e4 e5 2. Nf3 Nc6 3. d4 exd4 4. Nxd4 Bc5 5. Nb3 Bb6 6. Nc3 Nf6 7. Bg5 h6 8. Bh4 d6 9. Bb5 g5 10. Bg3 Bd7 11. h4 g4 12. Qd2 Nh5 13. Nd5 Nxg3 14. fxg3 Ne5 15. Bxd7+ Kxd7 16. Nxb6+ axb6 17. O-O Kc8 18. a4 Qd7 19. a5 Qb5 20. axb6 Qxb6+ 21. Kh2 Rxa1 22. Rxa1 Kd7 23. Qf4 Qc6 24. Nd4 Qc4 25. c3 Qd3 26. Ra7 Rb8 27. Nf5 Qe2 28. Nd4 Qxb2 29. Qf5+ Ke7 30. Qh5 Qxc3 31. Nf5+ Kd7 32. Qxh6 Qb2 33. Kh1 Qb1+ 34. Kh2 Qxe4 35. Ng7 Qe2 36. Nf5 Nf3+ 37. Kh1 Qf1# 0-1


[Site "https://www.chess.com"]

[Event "Titled Tuesday Blitz August 09 Early 2022"]
[White "Kukreja, Sankalp"]
[Black "Fernandez, Fernando"]
[WhiteFideId "45027676"]
[BlackFideId "3802299"]
[WhiteElo "2004"]
[BlackElo "2292"]
[Result "1-0"]
[Round "01"]
[TimeControl "180+1"]
[Date "2022.08.09"]
[WhiteClock "0:00:19"]
[BlackClock "0:00:02"]

1. e4 e5 2. Nf3 Nc6 3. Bc4 Bc5 4. c3 Nf6 5. d3 d6 6. Nbd2 Bb6 7. Bb3 a5 8. O-O O-O 9. h3 Ne7 10. Re1 Ng6 11. Nf1 h6 12. Ng3 c6 13. d4 Re8 14. Bc2 Qc7 15. Be3 Ba7 16. Qd2 Kh7 17. Rad1 b5 18. Qc1 Bb7 19. Nf5 Ng8 20. h4 Bc8 21. h5 Nf8 22. Ng3 Bg4 23. Nf5 Ne6 24. d5 Bxe3 25. fxe3 Nc5 26. Ng3 Nf6 27. Rf1 Nxh5 28. Nxh5 Bxh5 29. Qd2 Rad8 30. Qf2 Kg8 31. Qh4 Bg6 32. Qg4 cxd5 33. Nh4 Bh7 34. Rxd5 b4 35. Rf3 bxc3 36. Rg3 Ne6 37. bxc3 Qxc3 38. Bb3 a4 39. Bxa4 Qa1+ 40. Kh2 Qxa2 41. Bxe8 Rxe8 42. Rxd6 g5 43. Nf5 Bxf5 44. exf5 Qa3 45. Rc6 Qa8 46. Qc4 Ng7 47. Rxh6 Nxf5 48. Rxg5+ Ng7 49. Qg4 Kf8 50. Rxg7 1-0


[Site "https://www.chess.com"]

[Event "Titled Tuesday Blitz August 09 Early 2022"]
[White "Legenia, Artem"]
[Black "Ekdyshman, Mikhail"]
[WhiteFideId "14136945"]
[BlackFideId "4149416"]
[WhiteElo "1936"]
[BlackElo "2146"]
[Result "0-1"]
[Round "01"]
[TimeControl "180+1"]
[Date "2022.08.09"]
[WhiteClock "0:00:44"]
[BlackClock "0:01:00"]

1. e4 c5 2. Nf3 g6 3. c3 Bg7 4. Bc4 e6 5. Qe2 Ne7 6. d3 O-O 7. Bb3 Nbc6 8. O-O d5 9. Bg5 h6 10. Bf4 e5 11. Bg3 c4 12. Bc2 cxd3 13. Bxd3 dxe4 14. Bxe4 Qc7 15. Nd4 f5 16. Qc4+ Kh7 17. Bxc6 Nxc6 18. Nxc6 bxc6 19. f4 Qb6+ 20. Rf2 Ba6 21. Qb4 Qxb4 22. cxb4 e4 23. Nc3 Rad8 24. Kh1 Rfe8 25. Rc2 Bd3 26. Rf2 e3 27. Rf3 e2 28. Be1 Bc2 29. Kg1 Rd1 30. Rxd1 exd1=Q 31. Nxd1 Rxe1+ 0-1


[Site "https://www.chess.com"]

[Event "Titled Tuesday Blitz August 09 Early 2022"]
[White "Leschinsky, Gary"]
[Black "Isanzhulov, Arystan"]
[WhiteFideId "30951321"]
[BlackFideId "13711644"]
[WhiteElo "1809"]
[BlackElo "2307"]
[Result "1-0"]
[Round "01"]
[TimeControl "180+1"]
[Date "2022.08.09"]
[WhiteClock "0:00:14"]
[BlackClock "0:01:11"]

1. d4 Nf6 2. c4 e6 3. Nc3 d5 4. cxd5 exd5 5. Bg5 Nbd7 6. e3 h6 7. Bh4 g5 8. Bg3 Bb4 9. Bd3 c5 10. Ne2 c4 11. Bc2 h5 12. h4 Ng4 13. hxg5 Qxg5 14. Bh4 Qh6 15. a3 Ba5 16. Nf4 Nb6 17. Bg3 Nf6 18. Qd2 Bd7 19. Bh4 O-O-O 20. O-O-O Kb8 21. Kb1 Ba4 22. f3 Ne8 23. Bxd8 Nc7 24. Bxc7+ Kxc7 25. Ncxd5+ Nxd5 26. Qxa5+ Kb8 27. Nxd5 Bxc2+ 28. Kxc2 Qg6+ 29. Kc1 b6 30. Qd2 Qg5 31. Nf4 h4 32. Rh3 Rc8 33. Kb1 Qb5 34. Qc3 Qa4 35. Rdh1 Kb7 36. Nd5 Qb5 37. Nb4 a5 38. Nc2 f5 39. Rxh4 Ka6 40. Rh7 Rg8 41. R1h2 Qa4 42. Rc7 Kb5 43. Rh5 Rf8 44. d5 Ka6 45. Rh6 Rg8 46. Rcc6 Rxg2 47. Rxb6+ Ka7 48. Ra6+ Kb7 49. Rhb6+ Kc7 50. Qe5+ Kc8 51. Ra8+ Kd7 52. Qe6+ Kc7 53. Qd6# 1-0


[Site "https://www.chess.com"]

[Event "Titled Tuesday Blitz August 09 Early 2022"]
[White "Ljukin, Sergei"]
[Black "Bilych, Olexiy"]
[WhiteFideId "14102200"]
[BlackFideId "14156504"]
[WhiteElo "2312"]
[BlackElo "2157"]
[Result "0-1"]
[Round "01"]
[TimeControl "180+1"]
[Date "2022.08.09"]
[WhiteClock "0:00:03"]
[BlackClock "0:00:06"]

1. e4 c5 2. Nf3 d6 3. d4 cxd4 4. Nxd4 Nf6 5. Nc3 a6 6. Bg5 e6 7. f4 h6 8. Bh4 Qb6 9. Qd3 Qxb2 10. Rb1 Qa3 11. f5 Be7 12. fxe6 fxe6 13. Be2 Nc6 14. Nxc6 bxc6 15. Bh5+ Nxh5 16. Bxe7 Nf4 17. Qg3 e5 18. O-O Qc5+ 19. Kh1 g5 20. Na4 Qxc2 21. Bxd6 Qxa4 22. Bxe5 Rf8 23. Bxf4 Rxf4 24. Rxf4 gxf4 25. Qg6+ Kd7 26. Qf7+ Kd8 27. Qf6+ Kc7 28. Qe5+ Kd8 29. Qh8+ Kc7 30. Qe5+ Kd8 31. Qf6+ Kc7 32. Qxf4+ Kd8 33. Qd6+ Bd7 0-1


[Site "https://www.chess.com"]

[Event "Titled Tuesday Blitz August 09 Early 2022"]
[White "Locci, Damiano"]
[Black "Wagner, Dennis"]
[WhiteFideId "819751"]
[BlackFideId "24650684"]
[WhiteElo "2405"]
[BlackElo "2355"]
[Result "0-1"]
[Round "01"]
[TimeControl "180+1"]
[Date "2022.08.09"]
[WhiteClock "0:00:09"]
[BlackClock "0:01:37"]

1. c4 e5 2. Nc3 Bb4 3. Nd5 a5 4. Nxb4 axb4 5. g3 d6 6. Bg2 Ne7 7. Nf3 O-O 8. O-O c5 9. d3 Nbc6 10. Ne1 Be6 11. Nc2 Qd7 12. Ne3 Bh3 13. a4 Bxg2 14. Kxg2 d5 15. cxd5 Nxd5 16. Nxd5 Qxd5+ 17. e4 Qe6 18. Be3 b6 19. b3 Rfd8 20. Qc2 Na5 21. Rab1 Rd6 22. f4 Rad8 23. Rfd1 exf4 24. Bxf4 Rxd3 25. Rxd3 Qxe4+ 26. Kh3 Rxd3 27. Re1 Qf5+ 28. Kg2 h5 29. Re6 fxe6 0-1


[Site "https://www.chess.com"]

[Event "Titled Tuesday Blitz August 09 Early 2022"]
[White "Luo, Terry"]
[Black "Mikhnenko, Alexander"]
[WhiteFideId "30931045"]
[BlackFideId "34143014"]
[WhiteElo "2024"]
[BlackElo "2134"]
[Result "0-1"]
[Round "01"]
[TimeControl "180+1"]
[Date "2022.08.09"]
[WhiteClock "0:00:54"]
[BlackClock "0:01:27"]

1. d4 d5 2. Nc3 c6 3. Bf4 Bf5 4. f3 e6 5. g4 Bg6 6. h4 h5 7. g5 Bb4 8. e3 Ne7 9. Bd3 Nf5 10. Ne2 Nd7 11. a3 Ba5 12. Qd2 Bc7 13. O-O-O O-O 14. Bxc7 Qxc7 15. Nf4 e5 16. dxe5 Nxe5 17. Rdf1 Nxd3+ 18. Qxd3 Rae8 19. Re1 Rxe3 20. Rxe3 Qxf4 21. Nd1 Re8 22. Re1 Nxe3 23. Rxe3 Bxd3 0-1


[Site "https://www.chess.com"]

[Event "Titled Tuesday Blitz August 09 Early 2022"]
[White "Mahalakshmi, M"]
[Black "Nazari, Arad"]
[WhiteFideId "5001080"]
[BlackFideId "12577324"]
[WhiteElo "2176"]
[BlackElo "2129"]
[Result "0-1"]
[Round "01"]
[TimeControl "180+1"]
[Date "2022.08.09"]
[WhiteClock "0:00:07"]
[BlackClock "0:00:32"]

1. d4 Nf6 2. Nf3 g6 3. g3 Bg7 4. Bg2 O-O 5. O-O d5 6. c4 c6 7. cxd5 cxd5 8. Nc3 Nc6 9. Ne5 Bf5 10. Nxc6 bxc6 11. b3 h5 12. Ba3 h4 13. Na4 Re8 14. Rc1 Rc8 15. e3 hxg3 16. hxg3 Ng4 17. Bf3 Nf6 18. Kg2 e5 19. dxe5 Nd7 20. e6 Rxe6 21. Nc5 Nxc5 22. Bxc5 Be5 23. Rh1 Qf6 24. a4 a6 25. Qe2 Be4 26. Bxe4 dxe4 27. Rh4 Rb8 28. Rxe4 Rxb3 29. Rh1 Rb2 30. Qf1 Qf5 31. Reh4 Bf6 32. Bd4 Qd5+ 33. Kg1 Bxd4 34. Rxd4 Qf5 35. Rdh4 Rb1 36. Qxb1 Qxb1+ 37. Kg2 Qf5 38. g4 Qd5+ 39. Kg3 Kf8 40. Rb1 Rf6 41. f4 Re6 42. Rb8+ Kg7 43. Kf2 Qd2+ 44. Kf3 Rxe3# 0-1


[Site "https://www.chess.com"]

[Event "Titled Tuesday Blitz August 09 Early 2022"]
[White "Maiorov, Nikita"]
[Black "parintele_chess"]
[WhiteFideId "13501720"]
[WhiteElo "2409"]
[BlackElo "2217"]
[Result "1-0"]
[Round "01"]
[TimeControl "180+1"]
[Date "2022.08.09"]
[WhiteClock "0:00:55"]
[BlackClock "0:00:02"]

1. d4 d5 2. c4 e6 3. Nc3 a6 4. cxd5 exd5 5. Nf3 c6 6. Bg5 Be7 7. Bf4 Nf6 8. e3 Be6 9. Bd3 h6 10. h3 Nbd7 11. Bh2 O-O 12. O-O b6 13. Ne5 Nxe5 14. dxe5 Nd7 15. Bc2 f6 16. exf6 Nxf6 17. Ne2 Bd6 18. Nf4 Bf7 19. Rc1 Be5 20. Bb1 c5 21. Qc2 g5 22. Ne2 Bxh2+ 23. Kxh2 Qd6+ 24. Kg1 Kg7 25. Ng3 Kh8 26. Nf5 Qe5 27. Nxh6 Ne4 28. Ng4 Qg7 29. f3 Bg6 30. fxe4 Bxe4 31. Qd2 Rxf1+ 32. Rxf1 Rf8 33. Rxf8+ Qxf8 34. Bxe4 dxe4 35. Qd5 Qe7 36. Ne5 Kg7 37. Qxe4 Qf6 38. Qb7+ Kh6 39. Ng4+ 1-0


[Site "https://www.chess.com"]

[Event "Titled Tuesday Blitz August 09 Early 2022"]
[White "Makarian, Rudik"]
[Black "Daeschler, Florian"]
[WhiteFideId "44105681"]
[BlackFideId "20678193"]
[WhiteElo "2403"]
[BlackElo "2187"]
[Result "1-0"]
[Round "01"]
[TimeControl "180+1"]
[Date "2022.08.09"]
[WhiteClock "0:00:20"]
[BlackClock "0:00:12"]

1. d3 d5 2. f4 Nf6 3. Nf3 c5 4. g3 Nc6 5. Bg2 g6 6. O-O Bg7 7. Nc3 O-O 8. e4 dxe4 9. dxe4 Bg4 10. e5 Nd7 11. Be3 Qa5 12. h3 Bxf3 13. Bxf3 Rfd8 14. Bxc6 bxc6 15. Qf3 Qb4 16. Rab1 Rac8 17. a3 Qc4 18. Qe4 Qa6 19. Qa4 Qb7 20. Ne4 Nb6 21. Qb3 c4 22. Qb4 Qd7 23. Kh2 Nd5 24. Qc5 Qf5 25. Nf2 Qxc2 26. Bd4 Nc7 27. Rbc1 Qe2 28. Qxc4 Qd2 29. Rfd1 Qa5 30. Bc5 Ne6 31. Bxe7 Rxd1 32. Rxd1 Qb6 33. Rd2 Bf8 34. Bxf8 Kxf8 35. Ne4 Qe3 36. Qd3 Qe1 37. Rd1 Qa5 38. Nd6 Rb8 39. Rd2 Qa4 40. f5 Ng5 41. Qe3 h6 42. e6 Rb3 43. e7+ Kg7 44. e8=Q Rxe3 45. Qxe3 1-0


[Site "https://www.chess.com"]

[Event "Titled Tuesday Blitz August 09 Early 2022"]
[White "Maksimenko, Viktor"]
[Black "Bashirli, Saadat"]
[WhiteFideId "13710478"]
[BlackFideId "13429990"]
[WhiteElo "2269"]
[BlackElo "1173"]
[Result "1-0"]
[Round "01"]
[TimeControl "180+1"]
[Date "2022.08.09"]
[WhiteClock "0:00:39"]
[BlackClock "0:01:00"]

1. d4 d5 2. c4 e6 3. Nf3 c6 4. Nbd2 dxc4 5. Nxc4 b5 6. Nce5 Bb7 7. e3 Nf6 8. a4 Bb4+ 9. Bd2 Bxd2+ 10. Qxd2 a6 11. Be2 O-O 12. O-O Nbd7 13. Nd3 Nb6 14. a5 Nc4 15. Qc2 Qe7 16. Nc5 Nd6 17. Rfc1 Rac8 18. Ne5 Nf5 19. Bf3 Rfd8 20. Nxb7 Qxb7 21. Nxc6 Re8 22. Qb3 Nd6 23. Rc2 Nc4 24. Rxc4 Nd5 25. Rac1 Qd7 26. R4c2 h6 27. Bxd5 exd5 28. Ne5 Rxc2 29. Qxc2 Qe6 30. Qc6 Qe7 31. Qxd5 Rd8 32. Nc6 1-0


[Site "https://www.chess.com"]

[Event "Titled Tuesday Blitz August 09 Early 2022"]
[White "Malyi, Viacheslav"]
[Black "Vakhlamov, Igor L."]
[WhiteFideId "14123983"]
[BlackFideId "24126748"]
[WhiteElo "2190"]
[BlackElo "2401"]
[Result "1-0"]
[Round "01"]
[TimeControl "180+1"]
[Date "2022.08.09"]
[WhiteClock "0:00:28"]
[BlackClock "0:00:01"]

1. e4 c5 2. Nf3 Nc6 3. d4 cxd4 4. Nxd4 g6 5. c4 Nf6 6. Nc3 d6 7. Be2 Nxd4 8. Qxd4 Bg7 9. Be3 O-O 10. Qd2 Be6 11. Rc1 Qa5 12. f3 Rfc8 13. b3 a6 14. Rc2 b5 15. Nd5 Qxd2+ 16. Kxd2 Nxd5 17. cxd5 Bd7 18. Rhc1 Rxc2+ 19. Rxc2 Rc8 20. Rxc8+ Bxc8 21. Kd3 e6 22. dxe6 fxe6 23. Bd4 Bh6 24. Be3 Bg7 25. Bd4 Bf8 26. e5 d5 27. Ke3 Kf7 28. Bd3 h6 29. g3 b4 30. Be2 Be7 31. Bd3 Bd8 32. Be2 a5 33. Bd3 Bd7 34. Be2 Be7 35. Bd3 a4 36. Be2 h5 37. Bd3 h4 38. Bc2 a3 39. Bd3 Bg5+ 40. f4 Be7 41. g4 Bc8 42. g5 Bd7 43. Kf3 Be8 44. Kg4 Kg7 45. Kxh4 Kf7 46. Kg4 Kg7 47. Kf3 Kf7 48. Kg3 Kg7 49. h3 Kf7 50. Be2 Kg7 51. Kf2 Kf7 52. Bg4 Bd7 53. h4 Kg7 54. Be2 Kf7 55. h5 gxh5 56. Bxh5+ Kg7 57. Ke3 Bb5 58. Be2 Be8 59. Bd3 Bh5 60. Bc2 Kf7 61. Kf2 Kg7 62. Kg3 Kf7 63. Kh2 Kg7 64. Kg2 Kg8 65. Kg3 Kg7 66. f5 exf5 67. Kf4 Be2 68. e6+ Kg8 69. Bxf5 Bd1 70. Bb1 Bd6+ 71. Be5 Bc5 72. g6 d4 73. Ke4 Bh5 74. Kd5 Be7 75. Bxd4 Bf3+ 76. Ke5 Bd1 77. Ke4 Bh5 78. Kd5 Bf3+ 79. Kc4 Be2+ 80. Bd3 Bg4 81. Kd5 Bf3+ 82. Be4 Be2 83. Bc5 Bf6 84. Bxb4 Ba6 85. Kd6 Bd4 86. e7 Bb5 87. Bxa3 1-0


[Site "https://www.chess.com"]

[Event "Titled Tuesday Blitz August 09 Early 2022"]
[White "Martin Duque, Jesus"]
[Black "Le, Tuan Minh"]
[WhiteFideId "2208954"]
[BlackFideId "12401153"]
[WhiteElo "2258"]
[BlackElo "2530"]
[Result "0-1"]
[Round "01"]
[TimeControl "180+1"]
[Date "2022.08.09"]
[WhiteClock "0:01:12"]
[BlackClock "0:00:55"]

1. Nf3 d5 2. b3 Nf6 3. Bb2 Bf5 4. g3 e6 5. Bg2 h6 6. d3 Be7 7. Nbd2 O-O 8. O-O a5 9. a4 Na6 10. Re1 Bh7 11. e4 Nb4 12. Re2 c6 13. h4 Qc7 14. e5 Nd7 15. h5 Rae8 16. Nd4 Nxe5 17. Nxe6 fxe6 18. Bxe5 Bd6 19. Nf3 Rf5 20. Bxd6 Qxd6 21. Nd4 Rf6 22. f4 Qc5 23. c3 Qxc3 24. Nf3 Bxd3 25. Re3 Qc5 26. Kf2 e5 27. Rc1 Qb6 28. Qd2 exf4 29. gxf4 Rxf4 30. Re1 Rfe4 31. Nh4 Rxh4 32. Kg3 Qc7+ 33. Kxh4 Qf4+ 34. Kh3 Bf5# 0-1


[Site "https://www.chess.com"]